 Dungeon Crawl Stone Soup version 0.31-a0-204-g7da18cac08 (webtiles) character file.

Game seed: 7417246429394574507

69 qw the Shooter (level 4, -1/25 HPs)
             Began as a Deep Elf Hunter on June 27, 2023.
             Killed from afar by Dowan (9 damage)
             ... with a puff of frost
             ... on level 4 of the Dungeon.
             The game lasted 00:01:26 (2254 turns).

qw the Shooter (Deep Elf Hunter)                    Turns: 2254, Time: 00:01:27

Health: -1/25      AC:  6    Str: 10    XL:     4   Next: 2%
Magic:  6/6        EV: 11    Int: 14    God:
Gold:   48         SH:  0    Dex: 18    Spells: 3/3 levels left

rFire   . . .        Y - +1 shortbow
rCold   . . .        (shield currently unavailable)
rNeg    . . .        b - +1 ring mail
rPois   .            (no helmet)
rElec   .            (no cloak)
rCorr   .            (no gloves)
SInv    .            (no boots)
Will    .....        (no amulet)
Stlth   +            (no ring)
HPRegen 0.24/turn    (no ring)
MPRegen 0.10/turn

%: no passive effects
@: no status effects
A: no striking features
a: no special abilities


You were on level 4 of the Dungeon.
You visited 1 branch of the dungeon, and saw 4 of its levels.

You collected 104 gold pieces.
You spent 56 gold pieces at shops.


   Skills:
 - Level 1.5 Fighting
 + Level 7.4 Ranged Weapons
 - Level 2.4 Dodging
 - Level 1.2 Stealth


You had 3 spell levels left.
You didn't know any spells.
Your spell library was empty.

Inventory:

Hand Weapons
 Y - a +1 shortbow (weapon)
Armour
 b - a +1 ring mail (worn)
Scrolls
 c - a scroll of identify
Potions
 a - a potion of mutation
 d - a potion of heal wounds
 f - 2 potions of curing
 i - a potion of berserk rage {unknown}

Dungeon Overview and Level Annotations

Branches:
Dungeon (4/15)
 Temple: D:4-7

Altars:

Shops:
D:1 *   D:3 ?

Annotations:
D:4 Dowan, Duvessa


Message History

You shoot an arrow. The arrow misses the goblin.
You shoot an arrow. The arrow hits the goblin!
You kill the goblin!
An endoplasm comes into view.
You shoot an arrow. The arrow hits the endoplasm.
The endoplasm is lightly wounded.
A goblin comes into view. It is wielding a +0 dagger.
You shoot an arrow. The goblin shouts!
The arrow hits the endoplasm.
The endoplasm is heavily wounded.
You hear a shout! x2
You shoot an arrow. The arrow hits the endoplasm!
You kill the endoplasm!
You have reached level 4!
You feel clever.
You shoot an arrow. The arrow hits the goblin.
The goblin is moderately wounded.
Dowan, Brother of Duvessa comes into view.
He is wielding a +0 dagger.
You shoot an arrow. The arrow hits the goblin.
You kill the goblin!
Dowan casts a spell at something.
Duvessa, Sister of Dowan comes into view.
She is wielding a +0 short sword.
You shoot an arrow. The arrow completely misses Duvessa.
Found 5 gold pieces.
Dowan casts a spell at you. The puff of flame hits you!
You shoot an arrow.
The arrow hits Duvessa but does no damage.
You shoot an arrow.
The arrow hits Duvessa but does no damage.
Duvessa hits you with a +0 short sword.
You shoot an arrow.
The arrow hits Duvessa but does no damage.
Duvessa hits you but does no damage. Duvessa hits you with a +0 short sword!
You shoot an arrow.
The arrow hits Duvessa but does no damage.
Duvessa barely misses you. Dowan gestures at you while chanting.
The puff of frost hits you!
You die...

....... #....#.##
#....#... #....#..##
###...#...# #
#<....##..# #.#
..####..##..# ...#
..........#..##....#
##...........@e....#
.......#..####e..#.#
#......#... .......
#.........## #.)...#
..#....#### ......
###.... ...... #...
.$... ... #....


You could see Duvessa (fast) and Dowan.

Vanquished Creatures
  An adder (D:1)
  A worm (D:2)
  3 orcs (D:3)
  6 endoplasms
  2 giant cockroaches
  2 goblins (D:4)
  7 hobgoblins
  4 jackals (D:3)
  A quokka (D:3)
  7 ball pythons
  3 bats
  4 frilled lizards (D:2)
  4 kobolds
  4 rats
49 creatures vanquished.

Notes
Turn   | Place    | Note
-------+----------+-------------------------------------------
     0 | D:1      | qw the Deep Elf Hunter began the quest for the Orb.
     0 | D:1      | Reached XP level 1. HP: 12/12 MP: 3/3
     0 | D:1      | 0 ||| qw: Version: 0.3-a-22-g0ed2b0b
     0 | D:1      | 0 ||| qw: Game counter: 6416
     0 | D:1      | 0 ||| qw: Melee chars always use a shield: true
     0 | D:1      | 0 ||| qw: God list: Okawaru
     0 | D:1      | 0 ||| qw: Allow faded altars: false
     0 | D:1      | 0 ||| qw: Do Orc after clearing Dungeon:15 true
     0 | D:1      | 0 ||| qw: Do second Lair branch before Depths: true
     0 | D:1      | 0 ||| qw: Lair rune preference: random
     0 | D:1      | 0 ||| qw: Goals: Normal
     0 | D:1      | 0 ||| PLANNING D:1-11
     6 | D:1      | Noticed a black mamba
     6 | D:1      | Noticed a wyvern
     6 | D:1      | Noticed a killer bee
     7 | D:1      | Noticed a snapping turtle
    36 | D:1      | Found Ciefid's Assorted Antiques.
    47 | D:1      | 47 ||| SHOPLISTING green potion (18 gold, have 0).
    47 | D:1      | 47 ||| SHOPLISTING pair of gloves (90 gold, have 0).
    47 | D:1      | 47 ||| SHOPLISTING scale mail (80 gold, have 0).
    47 | D:1      | 47 ||| SHOPLISTING scroll labelled ELOODEPLAETWOT (20 gold,
                  | have 0).
    47 | D:1      | 47 ||| SHOPLISTING scroll labelled JEIPTU SUULUMAFI (20
                  | gold, have 0).
    47 | D:1      | 47 ||| SHOPLISTING twisted cloak (190 gold, have 0).
   346 | D:1      | 346 ||| UPGRADING to +0 scale mail.
   356 | D:1      | 356 ||| DROPPING +0 leather armour.
   357 | D:1      | 357 ||| READING scroll labelled UTENKA UNUNU.
   358 | D:1      | 358 ||| READING scroll labelled MIOD HUXEMITH.
   359 | D:1      | 359 ||| READING scroll labelled WICRIPA FERAM.
   360 | D:1      | 360 ||| DROPPING scroll of butterflies.
   391 | D:2      | 391 ||| STAIRDANCE
   399 | D:1      | Reached skill level 6 in Ranged Weapons
   399 | D:1      | Reached XP level 2. HP: 9/16 MP: 4/4
   400 | D:1      | HP: 4/16 [hobgoblin (4)]
   594 | D:2      | Reached XP level 3. HP: 20/20 MP: 5/5
   856 | D:2      | 856 ||| UPGRADING to +0 ring mail.
   866 | D:2      | 866 ||| DROPPING +0 scale mail.
   867 | D:2      | 867 ||| READING 2 scrolls labelled RUMUNEJAYTH.
   868 | D:2      | 868 ||| READING scroll labelled ABLEIT XIANI.
   869 | D:2      | 869 ||| DRINKING 2 silvery potions.
   870 | D:2      | 870 ||| DROPPING scroll of fog.
  1542 | D:3      | Found Hyuxouw's Magic Scroll Emporium.
  1548 | D:3      | 1548 ||| BUYING scroll of identify (28 gold).
  1548 | D:3      | Bought a scroll of identify for 28 gold pieces
  1548 | D:3      | 1548 ||| BUYING scroll of identify (28 gold).
  1548 | D:3      | Bought a scroll of identify for 28 gold pieces
  1548 | D:3      | 1548 ||| SHOPLISTING scroll of teleportation (42 gold, have
                  | 2).
  1572 | D:3      | Reached skill level 7 in Ranged Weapons
  1685 | D:3      | Found a faded altar of an unknown god.
  2195 | D:3      | 2195 ||| READING 2 scrolls labelled WOYMUU MUMETEIWEU.
  2196 | D:3      | 2196 ||| READING scroll of enchant armour.
  2196 | D:3      | 2196 ||| ENCHANTING +0 ring mail.
  2197 | D:3      | 2197 ||| READING 3 scrolls labelled YFAOSU OTADGH.
  2198 | D:3      | 2198 ||| READING scroll labelled ELOODEPLAETWOT.
  2199 | D:3      | 2199 ||| READING scroll labelled VYUZIAF JOXURI.
  2200 | D:3      | 2200 ||| READING 4 scrolls of identify.
  2200 | D:3      | 2200 ||| IDENTIFYING bubbling yellow potion
  2201 | D:3      | 2201 ||| READING 3 scrolls of identify.
  2201 | D:3      | 2201 ||| IDENTIFYING sapphire potion
  2202 | D:3      | 2202 ||| READING 2 scrolls of identify.
  2202 | D:3      | 2202 ||| IDENTIFYING fuming coppery potion
  2203 | D:3      | 2203 ||| DROPPING potion of degeneration.
  2204 | D:3      | 2204 ||| DROPPING 2 scrolls of immolation.
  2247 | D:4      | Reached XP level 4. HP: 25/25 MP: 6/6
  2247 | D:4      | Noticed Dowan
  2248 | D:4      | Noticed Duvessa
  2254 | D:4      | Killed from afar by Dowan

Levels and vault maps discovered:
D:1:      onia_arrival_zoo_common, layout_basic, serial_shops,
          nicolae_shop_overgrown_old_shop
D:2:      layout_basic, minmay_tromino_v4_c
D:3:      layout_loops_corners, serial_shops, nicolae_shop_tiny_real_fake_doors,
          chequers_ecumenical_altar_lobes
D:4:      layout_basic, uniq_menkaure, uniq_duvessa

Skill      XL: |  1  2  3 |
---------------+----------+-----
Ranged Weapons | 6 7 |  7.4
Fighting       | |  1.5
Dodging        | |  2.4
Stealth        | |  1.2

Action                     |  1- 3 |  4- 6 || total
---------------------------+-------+-------++-------
   Fire: Shortbow          |   108 |     7 ||   115
    Use: Scroll            |    13 |       ||    13
         Potion            |     1 |       ||     1
 Armour: Scale mail        |    10 |       ||    10
         Leather armour    |     1 |       ||     1
         Ring mail         |     8 |     1 ||     9
  Dodge: Dodged            |    25 |     1 ||    26

Table legend:
 A = Non-vault XP
 B = Vault XP
 C = Vault XP percentage of total XP
 D = Non-vault monster count
 E = Vault monster count
 F = Vault count percentage of total count
                 A         B        C        D         E       F
            +---------+---------+-------+---------+---------+-------
      Total |      99 |       0 |   0.0 |      49 |       0 |   0.0
            +---------+---------+-------+---------+---------+-------
        D:1 |      26 |       0 |   0.0 |      10 |       0 |   0.0
        D:2 |      25 |       0 |   0.0 |      15 |       0 |   0.0
        D:3 |      40 |       0 |   0.0 |      20 |       0 |   0.0
        D:4 |       8 |       0 |   0.0 |       4 |       0 |   0.0
            +---------+---------+-------+---------+---------+-------
